 Dungeon Crawl Stone Soup version 0.27.0-1-g7a089689b8 (webtiles) character file.

Game seed: 6535755857975316829

141 ZARRMARR the Chucker (level 5, 0/49 HPs)
             Began as a Troll Hunter on Aug 4, 2021.
             Was a Follower of Ru.
             Slain by Pikel (7 damage)
             ... on level 4 of the Dungeon on Aug 5, 2021.
             The game lasted 00:18:58 (2937 turns).

ZARRMARR the Chucker (Troll Hunter)                 Turns: 2937, Time: 00:18:59

Health: 0/49       AC:  4    Str: 20    XL:     5   Next: 3%
Magic:  4/4        EV: 10    Int:  7    God:    Ru [*.....]
Gold:   138        SH:  0    Dex: 11    Spells: 4/4 levels left

rFire    . . .     SeeInvis .     - Unarmed
rCold    . . .     Faith    .   (no shield)
rNeg     . . .     Spirit   .   b - +0 robe
rPois    .         Reflect  .   (helmet restricted)
rElec    .         Harm     .   (no cloak)
rCorr    .         Rampage  .   (gloves unavailable)
Will     .....                  (boots unavailable)
Stlth    +.........             (no amulet)
HPRegen  1.16/turn              (no ring)
MPRegen  0.09/turn              (no ring)

@: no status effects
A: large, unfitting armour, claws 3, regeneration 1, shaggy fur 1, tough skin 1,
no fire magic, no translocations magic, no transmutations magic
a: Renounce Religion


You were on level 4 of the Dungeon.
You worshipped Ru.
Ru was aware of your devotion.
You visited 1 branch of the dungeon, and saw 4 of its levels.

You collected 138 gold pieces.

Inventory:

Missiles
 c - 5 large rocks
 d - 2 throwing nets
 k - 39 stones (quivered)
Armour
 b - a +0 robe (worn)
Scrolls
 f - a scroll of fog {unknown}
 g - a scroll of blinking {unknown}
 h - a scroll of identify {unknown}
 i - a scroll of acquirement {unknown}
 l - a scroll of magic mapping {unknown}
Potions
 a - a potion of brilliance {unknown}
 e - a potion of resistance {unknown}
 j - 3 potions of flight


   Skills:
 + Level 1.7 Fighting
 + Level 4.5 Throwing
 + Level 2.2 Dodging
 + Level 0.8 Stealth
 + Level 2.5 Unarmed Combat


You had 4 spell levels left.
You didn't know any spells.
Your spell library contained the following spells:

 Spells                   Type           Power      Damage    Failure   Level
 Beastly Appendage        Tmut           Unusable   N/A       N/A         1
 Wereblood                Tmut           Unusable   N/A       N/A         2
 Spider Form              Tmut/Pois      Unusable   N/A       N/A         3

Dungeon Overview and Level Annotations

Branches:
Dungeon (4/15)
 Temple: D:4-7

Altars:
Gozag
Makhleb
Ru

Annotations:
D:4 Pikel


Innate Abilities, Weirdness & Mutations

You are too large for most types of armour.
You have claws for hands.
Your natural rate of healing is unusually fast.
You are covered in fur. (AC +1)
You have tough skin. (AC +1)
You cannot study or cast Fire magic.
You cannot study or cast Translocations magic.
You cannot study or cast Transmutations magic.


Message History

You scratch Pikel.
Pikel is moderately wounded.
Pikel is stunned by your conviction and fails to attack.
You scratch Pikel.
Pikel is heavily wounded.
Pikel hits you with a +0 whip of freezing!
Pikel freezes you.
You claw Pikel!
Pikel is severely wounded.
Pikel says, "You'll feel the lick of my whip!"
Pikel barely misses you.
You barely miss Pikel.
Pikel is severely wounded.
Pikel barely misses you.
A lemure comes into view.
You barely miss Pikel.
Pikel is severely wounded.
The lemure shouts!
Pikel hits you with a +0 whip of freezing!
Pikel freezes you.
You scratch Pikel.
Pikel is almost dead.
Pikel hits you with a +0 whip of freezing!
Pikel freezes you.
You barely miss Pikel.
Pikel is almost dead.
You scratch Pikel.
Pikel is almost dead.
Pikel completely misses you.
You barely miss Pikel.
Pikel is almost dead.
Pikel hits you with a +0 whip of freezing!
* * * LOW HITPOINT WARNING * * *
Pikel freezes you.
* * * LOW HITPOINT WARNING * * *
Unknown command.
You closely miss Pikel.
Pikel is almost dead.
Pikel hits you with a +0 whip of freezing!
You die...

#.# #.# #.# #.# #.#
#.# #.# #.#
#.################.##
#......)............#
######.#.####.#####.#
.#######)#.# #.# #.#
..5555K@...# #.# #.#
...######.## #.# #.#
.# #.# #.# .# #.# #.#
.# #.# #.# .# #.# #.#
.# ##.## #.#
##.#.####.# ###
#.###.....#


You could see Pikel and 4 lemures.

Vanquished Creatures
  2 orc priests
  An adder (D:3)
  An adder skeleton (D:4)
  A worm (D:2)
  9 orcs
  A ball python (D:3)
  6 giant cockroaches
  6 goblins
  10 hobgoblins
  5 kobolds
  3 quokkas
  4 bats
  A frilled lizard (D:1)
  5 rats
55 creatures vanquished.

Vanquished Creatures (others)
  7 withered plants (D:3)
7 creatures vanquished.

Grand Total: 62 creatures vanquished

Notes
Turn   | Place    | Note
-------+----------+-------------------------------------------
     0 | D:1      | ZARRMARR the Troll Hunter began the quest for the Orb.
     0 | D:1      | Reached XP level 1. HP: 19/19 MP: 0/0
   394 | D:1      | Reached skill level 4 in Throwing
   394 | D:1      | Reached XP level 2. HP: 27/27 MP: 1/1
  1033 | D:2      | Reached skill level 1 in Unarmed Combat
  1033 | D:2      | Reached XP level 3. HP: 18/33 MP: 2/2
  1261 | D:2      | Reached XP level 4. HP: 39/41 MP: 3/3
  1450 | D:2      | Found a sacrificial altar of Ru.
  1458 | D:2      | Became a worshipper of Ru the Awakened
  1993 | D:3      | Found an opulent altar of Gozag.
  1994 | D:3      | Found a burning altar of Makhleb.
  2135 | D:3      | Found a faded altar of an unknown god.
  2869 | D:4      | Gained mutation: You cannot study or cast Fire magic. [Ru
                  | sacrifice]
  2869 | D:4      | Gained mutation: You cannot study or cast Transmutations
                  | magic. [Ru sacrifice]
  2869 | D:4      | Gained mutation: You cannot study or cast Translocations
                  | magic. [Ru sacrifice]
  2869 | D:4      | Reached * piety under Ru
  2915 | D:4      | Reached XP level 5. HP: 40/49 MP: 4/4
  2920 | D:4      | Noticed Pikel
  2921 | D:4      | Noticed a lemure
  2921 | D:4      | Noticed a lemure
  2927 | D:4      | Noticed a lemure
  2931 | D:4      | Noticed a lemure
  2937 | D:4      | Slain by Pikel

Illustrated notes

Levels and vault maps discovered:
D:1:      dpeg_arrival_arbitrary_b, layout_basic
D:2:      layout_rooms, basic_altar
D:3:      layout_loops_corners, mainiacjoe_overflow_divided_tiny,
          ebering_ecumenical_altar_petrified
D:4:      layout_loops_ring, uniq_grinder, uniq_pikel

Skill      XL: |  1  2  3  4 |
---------------+-------------+-----
Throwing       | 4 |  4.5
Dodging        | 2 |  2.2
Unarmed Combat | 1 2 |  2.5
Fighting       | |  1.7
Stealth        | |  0.8

Action                   |  1- 3 |  4- 6 || total
-------------------------+-------+-------++-------
Melee: Unarmed           |    71 |    88 ||   159
Throw: Stone             |       |     1 ||     1
Invok: Sacrifice Arcana  |       |     1 ||     1
  Use: Potion            |       |     2 ||     2
 Stab: Sleeping          |     1 |     2 ||     3
Armor: Robe              |    14 |    24 ||    38
Dodge: Dodged            |    16 |    32 ||    48
